[Event "CCT Chessable Masters Playoffs 2025"]
[Site "Online"]
[Date "2025.02.20"]
[Round "55"]
[White "Duda, Jan-Krzysztof"]
[Black "Nepomniachtchi, Ian"]
[Result "0-1"]
[Annotator "TA"]
[ECO "E11"]
[WhiteElo "2739"]
[BlackElo "2754"]
[PlyCount "102"]
[EventDate "2025.02.13"]
[EventType "k.o."]
[EventCountry "NET"]
[SourceTitle "playchess.com"]
[Source "ChessBase"]
[SourceQuality "1"]
[TimeControl "600"]

1. d4 Nf6 2. c4 e6 3. Nf3 d5 4. g3 Bb4+ 5. Bd2 a5 6. Qc1 {[%emt 0:00:03] E11: Bogo-Indian.} O-O 7. Bg2 Be7 8. O-O {[%emt 0:00:02] The position is equal.} c6 9. Bg5 Nbd7 10. Nbd2 h6 $146 ({Predecessor:} 10... b6 11. Qc2 Ba6 12. Rfe1 c5 13. dxc5 Nxc5 14. Rad1 h6 15. Bxf6 Bxf6 16. cxd5 exd5 {1-0 Muradli,M (2550)-Gharibyan,M (2495) Wch U20 Blitz 2023 (4)}) 11. Bxf6 Nxf6 12. Qc2 a4 13. a3 Qa5 14. Rac1 Rd8 15. Rfd1 Bd7 16. e4 Be8 17. h4 dxe4 18. Nxe4 Nxe4 19. Qxe4 Bf6 20. c5 b6 21. Qe2 Rab8 22. Rd2 bxc5 23. Rxc5 Rb5 24. Rxb5 (24. Rcc2 $11 {deserves consideration.}) 24... Qxb5 (24... cxb5 $5 25. d5 exd5 26. Rxd5 Kf8 (26... Rxd5 $2 27. Qxe8+ Kh7 28. Qe4+ Kg8 29. Qxd5 $18) 27. Rxd8 Qxd8 $17) 25. Bf1 (25. Qe3 $11 {remains equal.}) 25... Qxe2 $17 {[%emt 0:00:08] Black keeps a firm grip on the game.} 26. Bxe2 {[%emt 0:00:00] [#]} (26. Rxe2 $142 Bxd4 27. Nxd4 Rxd4 28. Rc2) 26... c5 $1 27. dxc5 (27. Kf1 cxd4) 27... Rxd2 28. Nxd2 Bxb2 {[%emt 0:00:01][%mdl 4096] Endgame KBB-KBN} 29. Nc4 Bd4 30. Nd6 Bc6 31. Bb5 Bxb5 (31... Bxc5 32. Bxc6 Bxd6 33. Bxa4 $15) 32. Nxb5 Bxc5 $19 {[%emt 0:00:01] KB-KN. Black is a pawn up.} 33. Kf1 f5 34. f4 (34. Nc3 $17 {was necessary.}) 34... Kf7 35. Ke2 {[%emt 0:00:32] [#]} e5 $1 36. fxe5 Ke6 37. Nc3 Kxe5 (37... Bxa3 38. Nxa4 Kxe5 39. Kf3 $17) 38. Nxa4 Bd4 (38... Bxa3 39. Kf3 $15) 39. Kd3 Bf2 40. Nc3 Bxg3 41. h5 Kf6 $1 42. Ne2 Bc7 (42... Bb8 $1 $19 {Strongly threatening ...Kg5.} 43. a4 Kg5) 43. a4 $2 (43. Nd4 $15) 43... Kg5 44. Nd4 {[%emt 0:00:01] [#] Ne6+ is the strong threat.} Bb6 $1 ({Weaker is} 44... Kxh5 45. Nxf5 g6 46. Ne3 $11) 45. Ne6+ $2 (45. Nc6) 45... Kxh5 46. a5 {[%emt 0:00:07] [#]} Ba7 $1 (46... Bxa5 47. Nxg7+ Kg4 48. Ne8 $19) 47. Nxg7+ Kg4 48. Ke2 $2 (48. Ne8 $19 f4 49. Nf6+ Kf3 50. Nh5) 48... f4 {[%emt 0:00:01] Black mates.} 49. Kf1 h5 50. Ne8 h4 51. Kg2 f3+ {[%emt 0:00:02] Weighted Error Value: White=0.62/Black=0.17 (very precise)   Loses game:     	White=2     	---        Missed win:     	---       	Black=1      Mistake:       	White=5     	---        Inaccurate:     	White=2     	Black=3      OK:         	White=9     	Black=19     Best:        	White=2     	Black=7      Strong:       	---       	Black=2      Brilliant:      	---       	Black=1} 0-1

[Event "CCT Chessable Masters Playoffs 2025"]
[Site "Online"]
[Date "2025.02.20"]
[Round "56"]
[White "Nakamura, Hikaru"]
[Black "Nepomniachtchi, Ian"]
[Result "1/2-1/2"]
[Annotator "TA"]
[ECO "A06"]
[WhiteElo "2802"]
[BlackElo "2754"]
[PlyCount "80"]
[EventDate "2025.02.13"]
[EventType "k.o."]
[EventCountry "NET"]
[SourceTitle "playchess.com"]
[Source "ChessBase"]
[SourceQuality "1"]
[TimeControl "600"]

1. b3 d5 2. Bb2 Nf6 3. Nf3 Bf5 4. Nh4 Bd7 5. g3 g6 6. Bg2 c6 7. c4 Be6 8. d3 {[%emt 0:00:03] White is slightly better.} Bg7 9. O-O O-O 10. Nf3 a5 11. Nc3 Na6 12. Rc1 h6 13. Nd4 (13. Qd2 $16) 13... Bd7 14. cxd5 Nxd5 15. Nxd5 cxd5 16. Qd2 e6 17. Nf3 Nb4 18. Bxg7 Kxg7 19. a3 Nc6 20. Rc5 Qf6 21. Rfc1 Rfc8 22. e4 b6 23. R5c2 Nd4 24. Nxd4 Qxd4 25. Qe3 Qxe3 26. fxe3 dxe4 27. Rc7 Kf8 28. Bxe4 Rab8 29. R1c4 Rxc7 30. Rxc7 $11 {[%emt 0:00:00][%mdl 4096] Endgame KRB-KRB} Ke8 31. h4 Kd8 32. Ra7 Rc8 33. Ra6 f5 34. Bf3 Rc1+ 35. Kf2 {[%emt 0:00:02] The position is equal.} Rc2+ 36. Ke1 Kc7 37. Ra7+ $1 Kd6 38. Ra6 Kc7 39. Ra7+ Kd6 40. Ra6 Kc7 {[%emt 0:00:01] Weighted Error Value: White=0.07 (flawless) /Black=0.07 (flawless)   Mistake:       	White=1     	---        Inaccurate:     	---       	Black=3      OK:         	White=14    	Black=17     Best:        	White=2     	---        Strong:       	White=1     	---} 1/2-1/2

[Event "CCT Chessable Masters Playoffs 2025"]
[Site "Online"]
[Date "2025.02.20"]
[Round "56"]
[White "Nepomniachtchi, Ian"]
[Black "Nakamura, Hikaru"]
[Result "1/2-1/2"]
[Annotator "TA"]
[ECO "C54"]
[WhiteElo "2754"]
[BlackElo "2802"]
[PlyCount "185"]
[EventDate "2025.02.13"]
[EventType "k.o."]
[EventCountry "NET"]
[SourceTitle "playchess.com"]
[Source "ChessBase"]
[SourceQuality "1"]
[TimeControl "600"]

1. e4 e5 2. Nf3 Nc6 3. Bc4 Nf6 4. d3 h6 5. c3 Bc5 6. b4 Be7 {[%emt 0:00:00] C54: Giuoco Piano: 4 c3 Nf6, main lines with 5 d4 and 5 d3.} 7. a4 {[%emt 0:00:03] 7.Qb3 gains popularity.} d6 8. Qb3 O-O {[%emt 0:00:01] White has an edge.} 9. O-O Nb8 10. a5 c6 11. Qa2 d5 12. Bb3 Qc7 13. Re1 Re8 14. Nbd2 Be6 15. Bb2 Nbd7 16. Nf1 $146 ({Predecessor:} 16. h3 Bf8 17. Nf1 a6 18. Rad1 dxe4 19. dxe4 c5 20. Bxe6 Rxe6 21. Qb3 b6 22. Ra1 cxb4 23. cxb4 bxa5 24. bxa5 {½-½ Caruana,F (2782)-Praggnanandhaa,R (2690) FIDE World Cup 2023 (7.6)}) 16... Bf8 17. N3d2 Rad8 18. Ne3 b5 19. axb6 (19. exd5 cxd5 20. Red1 (20. Nxd5 $2 Bxd5 21. Bxd5 Nxd5 $19) (20. Bxd5 $2 Nxd5 21. Nxd5 Bxd5 $19) 20... a6) 19... axb6 20. Rad1 Ra8 21. Qb1 b5 22. h3 Rad8 23. Qa2 Nb6 $36 {[%emt 0:00:03][%mdl 2048] Black fights for an advantage.} 24. Nef1 Ra8 25. Qb1 Rad8 (25... Nh5 $142 26. Bc1 Na4) 26. Qa2 $1 $17 {[%emt 0:00:03] [#]} Rd7 (26... Nh5 $1 $17 27. Bc1 d4 28. cxd4 exd4 (28... Bxb4 29. Bxe6 Rxe6 30. dxe5 $17) 29. Bxe6 Rxe6) 27. Bc1 (27. Ng3 $15) 27... d4 28. Bxe6 Rxe6 29. Qb3 dxc3 30. Qxc3 Qd6 31. Nf3 Qxb4 32. Qa1 Qe7 33. Bb2 Ra7 34. Qb1 Na4 35. Ba1 Qe8 36. d4 (36. Ne3 $142) 36... exd4 37. Nxd4 Rxe4 38. Ng3 (38. Ne3 $17) 38... Rxe1+ $19 39. Rxe1 Re7 40. Rxe7 Qxe7 41. Nxc6 Qc5 42. Ne5 {[%emt 0:00:13] [#]} Qd5 $1 43. Nd3 Nh5 $2 (43... Nd7 $19 44. Ne2 Ndc5 45. Nxc5 Qxc5 (45... Nxc5 46. Nd4 $15) (45... Bxc5 $2 46. Qc2 $19)) 44. Nxh5 $11 Qxh5 45. Ne5 $1 Qe2 46. Qb3 $2 (46. Bd4 $1 $15) 46... Qe1+ $19 47. Kh2 Qxf2 (47... Qxa1 48. Qxf7+ Kh7 49. Qf5+ Kg8 50. Qf7+ Kh7 51. Qg6+ Kg8 52. Qf7+ $11) 48. Bd4 Qf5 (48... Qxd4 49. Qxf7+ Kh7 50. Qf5+ Kg8 51. Qe6+ Kh7 52. Qf5+ Kg8 53. Qe6+ Kh7 54. Qf5+ $11) 49. Nf3 Qf4+ 50. Kg1 Qc1+ 51. Kh2 Bd6+ 52. g3 Qc4 53. Qe3 (53. Qxc4 $142 bxc4 54. Kg2) 53... Qc2+ 54. Kg1 Kh7 (54... Bxg3 55. Qe8+ Kh7 56. Qxf7 $19) 55. Ne5 Qb1+ 56. Kg2 Qf5 57. g4 Qc2+ 58. Kf3 f6 (58... b4 $142 59. Nxf7 Bc5 60. Qe4+ Qxe4+ 61. Kxe4 b3) 59. Nd3 Qc4 60. Qe4+ Kg8 61. Ke3 (61. Qe8+ $17 {was necessary.} Bf8 62. Ke3) 61... Bf8 62. Qe8 Nc3 (62... Qb3 $17 {aiming for ...b4.} 63. Qc6 b4) 63. Bxc3 $11 Qxc3 64. Qxb5 {[%emt 0:00:00][%mdl 4096] Endgame KQB-KQN. Black is a pawn up.} Qc7 65. Qd5+ Kh8 66. Kf3 {[%emt 0:00:02] Active counter play!} Qh2 67. Nf2 {[%emt 0:00:00] Wards off Qh1+} Bd6 (67... Qd6 68. Qxd6 Bxd6 69. h4 g6) 68. Qa8+ (68. h4 $11) 68... Bb8 69. Qe4 Qg3+ 70. Ke2 Be5 ({Better is} 70... Qb3 $15) 71. Qa8+ Bb8 (71... Kh7 $11) 72. Qe4 $1 $17 Qc7 (72... Qe5 $17) 73. Qe8+ Kh7 74. Qe4+ g6 75. Kf3 ({White should try} 75. h4 $1 $15) 75... Kg7 76. Kg2 Qg3+ 77. Kf1 Qc7 {[%emt 0:00:01] Repels Qe7+} (77... Qe5 $17) 78. Qd5 (78. Kg2 $1 $11) 78... Ba7 79. Nd3 Qe7 (79... Qf7 $17 80. Qxf7+ Kxf7) 80. Qf3 (80. Nf4 $11 {keeps the balance.}) 80... Qd7 81. Qe2 {[%emt 0:00:02] [#]} h5 $1 82. Qf3 {[%emt 0:00:01] Against Qd5} (82. gxh5 Qxh3+) 82... hxg4 83. hxg4 Qb5 (83... Qd4 84. Nf4 Qe5 85. Nd3 Qa1+) 84. Kg2 Qb6 (84... Qc4 {keeps more tension.} 85. Nf4 Bb6 86. Qf1 Qe4+) 85. Kh3 Qd4 86. Nf4 {[%emt 0:00:01] White threatens Ne6+ and mate.} Kh6 (86... Qe3 $15 87. Qxe3 Bxe3) 87. Ne6 $11 {[%emt 0:00:03] The position is equal.} Qe5 (87... Qe3 {simplifies} 88. g5+ fxg5 89. Qxe3 Bxe3 90. Kg4 Bc1) 88. g5+ $1 fxg5 89. Qf8+ Kh7 $1 90. Qf7+ $1 Kh6 91. Qf8+ Kh7 $1 92. Qf7+ Kh6 {[%emt 0:00:00] ( -> ...Qe3+)} 93. Qf8+ {[%emt 0:00:01] And White is the lucky defender.   Weighted Error Value: White=0.21 (precise) /Black=0.25 (precise)   Loses game:     	White=1     	---        Missed win:     	---       	Black=1      Mistake:       	White=9     	Black=10     Inaccurate:     	White=5     	Black=4      OK:         	White=34    	Black=29     Best:        	White=10    	Black=10     Strong:       	White=5     	Black=2} 1/2-1/2